 Dungeon Crawl Stone Soup version 0.25.1-2-g60ff931df9 (webtiles) character file.

Game seed: 7600527943465953077

56 solopath the Chiller (level 3, -3/24 HPs)
             Began as a Barachi Ice Elementalist on Nov 4, 2020.
             Slain by an ogre
             ... wielding a +0 giant spiked club
              (12 damage)
             ... on level 6 of the Dungeon.
             The game lasted 00:06:14 (2228 turns).

solopath the Chiller (Barachi Ice Elementalist)     Turns: 2228, Time: 00:06:15

Health: -3/24      AC:  2    Str:  6 (9)  XL:     3   Next: 95%
Magic:  5/7        EV: 12    Int: 14 (16) God:
Gold:   42         SH:  0    Dex: 11 (12) Spells: 6/7 levels left

rFire    . . .     SeeInvis .   h - +0 dagger
rCold    . . .     Gourm    .   (no shield)
rNeg     . . .     Faith    .   a - +0 robe
rPois    .         Spirit   .   (no helmet)
rElec    .         Reflect  .   (no cloak)
rCorr    .         Harm     .   (no gloves)
MR       .....                  (no boots)
Stlth    ++........             (no amulet)
HPRegen  0.08/turn              (no ring)
MPRegen  0.10/turn              (no ring)

@: can't hop, slow
A: +LOS, swims, claws 1, deterioration 1, mutation resistance 1, slowness 1,
MP-powered wands, strong legs 1
a: Hop


You were on level 6 of the Dungeon.
You were not hungry.

You visited 1 branch of the dungeon, and saw 4 of its levels.

You collected 42 gold pieces.

Inventory:

Hand Weapons
 h - a +0 dagger (weapon)
Missiles
 e - 10 poisoned darts (quivered)
Armour
 a - a +0 robe (worn)
Scrolls
 d - a scroll of fog {unknown}
Comestibles
 b - 6 chunks of flesh
 c - 6 rations


   Skills:
 - Level 2.1 Dodging
 + Level 2.4 Stealth
 + Level 2.8 Spellcasting
 * Level 5.8 Ice Magic


You had 6 spell levels left.
You knew the following spells:

 Your Spells              Type           Power        Failure   Level  Hunger
a - Freeze                Ice            ###.         1%          1    #......

Your spell library contained the following spells:

 Spells                   Type           Power        Failure   Level  Hunger
 Frozen Ramparts          Ice            ###...       6%          3    ###....
 Ozocubu's Armour         Chrm/Ice       ##......     21%         3    ###....
 Hailstorm                Conj/Ice       ##......     54%         4    #####..
 Summon Ice Beast         Ice/Summ       ##......     54%         4    #####..


Dungeon Overview and Level Annotations

Branches:
Dungeon (3/15)

Altars:


Innate Abilities, Weirdness & Mutations

You can be seen from farther away. (+LOS)
You can swim through water.
You cover ground slowly.
You can hop short distances.
You have sharp fingernails.
Your body sometimes deteriorates upon taking damage.
You are somewhat resistant to further mutation.
You expend magic power (3 MP) to strengthen your wands.


Message History

You throw a poisoned dart.
The poisoned dart closely misses the ogre.
Casting: Freeze (safe; 1% risk of failure)
Confirm with . or Enter, or press ? or * to list all spells.
Aiming: Freeze (safe; 1% risk of failure)
Press: ? - help, Shift-Dir - straight line, f/p - ogre
Aim: an ogre, wielding a +0 giant spiked club (lightly wounded, very poisoned)
You freeze the ogre.
The ogre is moderately wounded.
The ogre misses you.
Casting: Freeze (safe; 1% risk of failure)
Confirm with . or Enter, or press ? or * to list all spells.
Aiming: Freeze (safe; 1% risk of failure)
Press: ? - help, Shift-Dir - straight line, f/p - ogre
Aim: an ogre, wielding a +0 giant spiked club (moderately wounded, very poisoned)
You freeze the ogre!
The ogre is heavily wounded.
The ogre hits you with a +0 giant spiked club!
Ouch! That really hurt!
You die...

...#
...#
#####
...
....#
## ...
....#
.. #..
....# .
#.#
....#
#.#.#
.o..#
#.#.#
....#
#..@#
....#
##.O#
....#
#.(#
...##
#.(#
####
.... ..
....#
...
#.....
...
...#..
..
....#(.


You could see an ogre (very poisoned).

Vanquished Creatures
  An adder (D:2)
  An orc (D:3)
  4 ball pythons
  2 giant cockroaches (D:2)
  7 goblins
  2 hobgoblins
  3 jackals (D:1)
  6 bats
  3 frilled lizards
  8 kobolds
  5 rats
42 creatures vanquished.

Notes
Turn   | Place    | Note
-------+----------+-------------------------------------------
     0 | D:1      | solopath the Barachi Ice Elementalist began the quest for
                  | the Orb.
     0 | D:1      | Reached XP level 1. HP: 13/13 MP: 3/3
   183 | D:1      | Reached skill level 5 in Ice Magic
   255 | D:1      | Reached XP level 2. HP: 18/19 MP: 0/5
   959 | D:2      | Reached XP level 3. HP: 21/24 MP: 3/6
  2205 | D:3      | You fall into a shaft and drop 3 floors!
  2210 | D:6      | Noticed a bullfrog
  2214 | D:6      | Gained mutation: Your body sometimes deteriorates upon
                  | taking damage. [potion of mutation]
  2214 | D:6      | Gained mutation: You are somewhat resistant to further
                  | mutation. [potion of mutation]
  2214 | D:6      | Gained mutation: You expend magic power (3 MP) to
                  | strengthen your wands. [potion of mutation]
  2214 | D:6      | Gained mutation: You have sharp fingernails. [potion of
                  | mutation]
  2222 | D:6      | Noticed an ogre
  2228 | D:6      | Slain by an ogre

Illustrated notes

Levels and vault maps discovered:
D:1:      wander_arrival_chamber, layout_basic
D:2:      layout_basic, first_ration
D:3:      layout_loops_corners, trog_butcher_becter
D:6:      cheibrodos_quashed, layout_basic

Skill      XL: |  1 |
---------------+----+-----
Ice Magic      | 5 |  5.8
Stealth        | 2 |  2.4
Dodging        | |  2.1
Spellcasting   | |  2.8

Action                   || total
-------------------------++-------
Melee: Unarmed           ||     1
       Dagger            ||    23
Throw: Dart              ||    31
 Cast: Freeze            ||    45
 Abil: Hop               ||     1
  Use: Potion            ||     3
       Scroll            ||     2
 Stab: Sleeping          ||     4
  Eat: Chunk             ||     5
Armor: Robe              ||    11
Dodge: Dodged            ||    39
